 Dungeon Crawl Stone Soup version 0.17-a0-1805-g6093636 (webtiles) character file.

69 Tigrein the Slasher (level 4, -1/34 HPs)
             Began as a Demonspawn Gladiator on Sept 12, 2015.
             Succumbed to a worker ant's poison
             ... on level 4 of the Dungeon.
             The game lasted 00:05:05 (1335 turns).

Tigrein the Slasher (Demonspawn Gladiator)          Turns: 1335, Time: 00:05:05

Health: -1/34      AC:  4    Str: 16    XL:     4   Next: 2%
Magic:  4/4        EV: 13    Int: 10    God:
Gold:   32         SH:  0    Dex: 13    Spells: 0 memorised, 3 levels left

rFire  . . .     SeeInvis .     a - +0 long sword
rCold  + . .     Clarity  .     b - +0 leather armour
rNeg   . . .     SustAt   .     (no shield)
rPois  .         Gourm    .     c - +0 helmet
rElec  .         Spirit   .     (no cloak)
rCorr  .         Warding  .     (no gloves)
rMut   .         Stasis   .     (no boots)
MR     .....                    (no amulet)
Stlth  +.........               (no ring)
                                h - ring of protection from cold

@: lethally poisoned (-1 -> -14), not resistant to hostile enchantments, very
unstealthy
A: talons 1, powered by pain 1, spiny 1
a: no special abilities


You were on level 4 of the Dungeon.
You were very hungry.

You visited 1 branch of the dungeon, and saw 3 of its levels.

You collected 32 gold pieces.

Inventory:

Hand weapons
 a - a +0 long sword (weapon)
 f - a +0 short sword
Missiles
 d - 3 throwing nets (quivered)
Armour
 b - a +0 leather armour (worn)
 c - a +0 helmet (worn)
Jewellery
 h - a ring of protection from cold (left hand)
Potions
 i - a potion of resistance {unknown}
Comestibles
 e - a bread ration


   Skills:
 + Level 2.3 Fighting
 + Level 3.3 Long Blades
 + Level 1.9 Throwing
 + Level 1.0 Armour
 + Level 3.3 Dodging
 + Level 0.6 Stealth


You had 3 spell levels left.
You didn't know any spells.

Dungeon Overview and Level Annotations

Branches:
Dungeon (4/15)
 Temple: D:4-7

Altars:


Innate Abilities, Weirdness & Mutations

You have sharp toenails.
You sometimes gain a little power by taking damage.
You are partially covered in sharp spines.


Message History

The worker ant closely misses you.
You barely miss the worker ant.
The worker ant is severely wounded.
You feel sick. The worker ant bites you!
* * * LOW HITPOINT WARNING * * *
The worker ant is struck by your spines.
The worker ant bites you but does no damage.
You hit the worker ant.
The worker ant is almost dead.
The worker ant bites you.
* * * LOW HITPOINT WARNING * * *
You are more poisoned.
The worker ant poisons you!
You hit the worker ant.
You kill the worker ant!
Your Armour skill increases to level 1!
You have reached level 4!
You feel clever.
Your demonic ancestry asserts itself...
Your toenails lengthen and sharpen.
You die...

#### ##.. ..##### .S.+
.... ......# ... ......#
..# ......# #######.###
.)..... #... .....
.......
#####.#####.#####†......
....(...........@†...?..
#####.######.#######.##+
#.# #.# #.# #.. ..# ##.#
..+ .) ...# ... ...# ...


There were no monsters in sight!

Vanquished Creatures
  A worker ant (D:4)
  An iguana (D:4)
  An adder (D:4)
  A worm (D:2)
  2 bats (D:1)
  A giant cockroach (D:1)
  2 hobgoblins (D:1)
  A kobold (D:1)
  A giant newt (D:4)
  2 goblins (D:1)
13 creatures vanquished.

Notes
Turn   | Place    | Note
--------------------------------------------------------------
     0 | D:1      | Tigrein the Demonspawn Gladiator began the quest for the Orb.
     0 | D:1      | Reached XP level 1. HP: 16/16 MP: 1/1
   270 | D:1      | Reached skill level 3 in Long Blades
   344 | D:1      | Gained mutation: You sometimes gain a little power by taking damage. [demonic ancestry]
   344 | D:1      | Reached XP level 2. HP: 17/22 MP: 2/2
   475 | D:2      | You fall through a shaft for 2 floors!
  1293 | D:4      | HP: 1/22 [iguana (11)]
  1296 | D:4      | Gained mutation: You are partially covered in sharp spines. [demonic ancestry]
  1296 | D:4      | Reached XP level 3. HP: 1/27 MP: 3/3
  1323 | D:4      | HP: 1/27 [adder (3)]
  1334 | D:4      | HP: 1/27 [worker ant (1)]
  1335 | D:4      | Reached skill level 1 in Armour
  1335 | D:4      | Gained mutation: You have sharp toenails. [demonic ancestry]
  1335 | D:4      | Reached XP level 4. HP: 1/34 MP: 4/4
  1335 | D:4      | Succumbed to a worker ant's poison

Vault maps used:
D:1:      lightli_arrival_lavapool, st_stairs_1
D:2:      nicolae_overflow_hidden_temple, first_bread, serial_forest,
          infiniplex_forest_straight_2, infiniplex_forest_straight_3,
          infiniplex_forest_lined_corner, infiniplex_forest_clump_small,
          infiniplex_forest_end_1, infiniplex_forest_zigzag_1,
          infiniplex_forest_corner_1, infiniplex_forest_clump_small,
          infiniplex_forest_clump_small, infiniplex_forest_zigzag_2

Action                   |  1- 3 |  4- 6 || total
-------------------------+-------+-------++-------
Melee: Long sword        |    36 |       ||    36
  Use: Scroll            |     3 |       ||     3
       Potion            |     1 |       ||     1
